 Dungeon Crawl Stone Soup version 0.27-a0-1189-gb8eb6cee8e (webtiles) character file.

Game seed: 5909535184321580583

114 Froggeryz the Ruffian (level 4, -1/38 HPs)
             Began as a Ghoul Wanderer on May 23, 2021.
             Slain by Sigmund
             ... wielding a +0 scythe
              (9 damage)
             ... on level 2 of the Dungeon.
             The game lasted 00:02:39 (2363 turns).

Froggeryz the Ruffian (Ghoul Wanderer)              Turns: 2363, Time: 00:02:40

Health: -1/38      AC:  5    Str: 16    XL:     4   Next: 97%
Magic:  3/3        EV:  8    Int:  6    God:
Gold:   78         SH:  8    Dex:  9    Spells: 3/3 levels left

rFire    . . .     SeeInvis .     - Unarmed
rCold    + . .     Faith    .   b - +0 kite shield
rNeg     + + +     Spirit   .   f - +0 ring mail
rPois    ∞         Reflect  .   (no helmet)
rElec    .         Harm     .   (no cloak)
rCorr    .         Rampage  .   (no gloves)
Will     .....                  (no boots)
Stlth    ..........             (no amulet)
HPRegen  0.00/turn              (no ring)
MPRegen  0.08/turn              (no ring)

@: no status effects
A: claws 1, cold resistance 1, negative energy resistance 3, inhibited
regeneration, torment resistance 2
a: no special abilities


You were on level 2 of the Dungeon.
You visited 1 branch of the dungeon, and saw 2 of its levels.

You collected 78 gold pieces.

Inventory:

Hand Weapons
 a - a +0 falchion
Armour
 b - a +0 kite shield (worn)
 f - a +0 ring mail (worn)
Jewellery
 d - an amulet of guardian spirit
Scrolls
 c - a scroll of fog {unknown}
 e - a scroll of noise {unknown}
 g - a scroll of identify {unknown}
 i - a scroll of teleportation {unknown}
Potions
 j - a potion of magic {unknown}


   Skills:
 - Level 3.2 Fighting
 - Level 2.6 Bows
 - Level 1.0 Armour
 - Level 1.0 Dodging
 + Level 2.0 Shields
 * Level 4.2 Unarmed Combat
 - Level 1.0 Evocations


You had 3 spell levels left.
You didn't know any spells.
Your spell library was empty.

Dungeon Overview and Level Annotations

Branches:
Dungeon (2/15)

Altars:
Elyvilon

Annotations:
D:2 Sigmund


Innate Abilities, Weirdness & Mutations

You thrive by killing the living.
You are immune to poison.
You have sharp fingernails.
Your flesh is cold resistant. (rC+)
You are immune to negative energy. (rN+++)
You do not regenerate when monsters are visible.
You are immune to unholy pain and torment.


Message History

j - a fuming red potion Sigmund is nearby!
Sigmund screams, "I am the angel of ZOT!!!"
Sigmund closely misses you.
Sigmund is nearby!
Your ring mail prevents you from hitting Sigmund.
Sigmund hits you with a +0 scythe.
You closely miss Sigmund. Sigmund barely misses you.
Okay, then.
You scratch Sigmund but do no damage. Sigmund gestures at you while chanting.
The magic dart hits you. Sigmund closely misses you.
You scratch Sigmund but do no damage.
Sigmund points at you and mumbles some strange words.
The magic dart hits you.
You barely miss Sigmund. Sigmund barely misses you.
You claw Sigmund!
Sigmund is moderately wounded.
You block Sigmund's attack.
You claw Sigmund!
Sigmund is heavily wounded.
Sigmund barely misses you. Sigmund hits you with a +0 scythe!
You closely miss Sigmund.
Sigmund is heavily wounded.
Sigmund says, "I'm your fate." You block Sigmund's attack.
You feel much better. Sigmund gestures at you while chanting.
The puff of flame hits you.
You closely miss Sigmund.
Sigmund is heavily wounded.
Sigmund casts a spell at himself.
Sigmund flickers and vanishes!
Deactivating autopickup; reactivate with Ctrl-A.
You scratch something. Something hits you!
* * * LOW HITPOINT WARNING * * *
You miss something. Something hits you.
* * * LOW HITPOINT WARNING * * *
You barely miss something. Something hits you!
You die...

#.####..#
#.#..# #.#
#.#..# ##.#
#.#(.# ...#
##.#..# ##.#
######.....#
#>#
...........#
##.##
.#####...#.#
#.#.#
##.##.#
.#### #@##.#
##
#...{.##.#
.#
#........#
##
#....##### #
#...# # #..#
# #.# # #. #


There were no monsters in sight!

Vanquished Creatures
  Robin (D:2)
  4 gnolls
  2 adders (D:2)
  A dart slug (D:1)
  An endoplasm (D:1)
  3 giant cockroaches
  11 goblins
  4 hobgoblins
  5 jackals (D:1)
  3 kobolds
  A ball python (D:2)
  2 bats (D:1)
  4 frilled lizards
  A rat (D:1)
43 creatures vanquished.

Notes
Turn   | Place    | Note
-------+----------+-------------------------------------------
     0 | D:1      | Froggeryz the Ghoul Wanderer began the quest for the Orb.
     0 | D:1      | Froggeryz set off with the following items: a +0 falchion,
                  | a +0 kite shield, a +0 shortbow, 29 arrows, a +0 robe
     0 | D:1      | Reached XP level 1. HP: 19/19 MP: 0/0
    76 | D:1      | Reached skill level 1 in Unarmed Combat
   295 | D:1      | Reached XP level 2. HP: 25/26 MP: 1/1
   327 | D:1      | Reached skill level 2 in Unarmed Combat
  1085 | D:2      | Noticed Sigmund
  1163 | D:2      | Reached XP level 3. HP: 28/31 MP: 2/2
  1345 | D:1      | Reached skill level 3 in Unarmed Combat
  1636 | D:1      | Reached XP level 4. HP: 21/38 MP: 3/3
  1953 | D:2      | Noticed Robin
  1972 | D:2      | Killed Robin
  1973 | D:2      | Reached skill level 4 in Unarmed Combat
  2363 | D:2      | Slain by Sigmund

Illustrated notes

Levels and vault maps discovered:
D:1:      lemuel_arrival_lava_pool, layout_basic, minmay_indecisive_spiral
D:2:      layout_loops_ring, basic_altar, uniq_robin, uniq_crazy_yiuf_cottage,
          uniq_sigmund

Skill      XL: |  1  2  3  4 |
---------------+-------------+-----
Unarmed Combat | 1 2 3 4 |  4.2
Shields        | 2 |  2.0
Fighting       | |  3.2
Bows           | |  2.6
Armour         | |  1.0
Dodging        | |  1.0
Evocations     | |  1.0

Action                   |  1- 3 |  4- 6 || total
-------------------------+-------+-------++-------
Melee: Falchion          |    22 |       ||    22
       Unarmed           |    79 |    63 ||   142
  Use: Potion            |     1 |     1 ||     2
Armor: Robe              |     2 |       ||     2
       Ring mail         |    31 |     8 ||    39
Dodge: Dodged            |    38 |    22 ||    60
Block: Kite shield       |    50 |    20 ||    70
       Rpst.: Falchion   |     4 |       ||     4

Table legend: (Time is in decaauts)
 A = Elapsed time spent in this place.
 B = Non-inter-level travel time spent in this place.
 C = Inter-level travel time spent in this place.
 D = Time resting spent in this place.
 E = Time spent auto-exploring this place.
 F = Levels seen in this place.
 G = Mean time per level.
                   A        B        C        D        E       F      G
               +--------+--------+--------+--------+--------+-----+--------+
         Total |   2412 |   2355 |     57 |    874 |   1061 |   2 | 1206.0 |
       Dungeon |   2412 |   2355 |     57 |    874 |   1061 |   2 | 1206.0 |
               +--------+--------+--------+--------+--------+-----+--------+

Top non-repeatable levels by time:
     D:1: 1696 daAuts
     D:2: 715 daAuts
